 Dungeon Crawl Stone Soup version 0.20-a0-3-g334f831 (webtiles) character file.

2710 dobroeutro the Ruffian (level 9, -2/89 HPs)
             Began as a Troll Monk on Oct 30, 2016.
             Was a Believer of Cheibriados.
             Splashed by a jelly's acid (7 damage)
             ... on level 7 of the Dungeon.
             The game lasted 00:08:49 (5537 turns).

dobroeutro the Ruffian (Troll Monk)                 Turns: 5537, Time: 00:08:51

Health: -2/89      AC: -7    Str: 31    XL:     9   Next: 39%
Magic:  0/8        EV: 14    Int: 11    God:    Cheibriados [**....]
Gold:   188        SH:  0    Dex: 20    Spells: 0 memorised, 8 levels left

rFire  . . .     SeeInvis .       - Unarmed
rCold  . . .     Gourm    +     C - +1 robe "Vidablef" {Str+3}
rNeg   . . .     Faith    .     (no shield)
rPois  .         Spirit   +     B - +2 hat
rElec  .         Reflect  .     (no cloak)
rCorr  .         Harm     .     (gloves unavailable)
MR     +....                    (boots unavailable)
Stlth  ++........               A - amulet of guardian spirit
                                q - ring of protection from magic
                                h - +2 ring of dexterity

@: corroded, very slow
A: unfitting armour, claws 3, fast metabolism 3, gourmand, regeneration 1,
shaggy fur 1, tough skin 2
a: Bend Time, Renounce Religion


You were on level 7 of the Dungeon.
You worshipped Cheibriados.
Cheibriados was pleased with you.
You were completely stuffed.

You visited 2 branches of the dungeon, and saw 9 of its levels.

You collected 330 gold pieces.
You spent 142 gold pieces at shops.

Inventory:

Armour
 a - a +0 robe
 B - a +2 hat (worn)
 C - the +1 robe "Vidablef" (worn) {Str+3}
   (You bought it in a shop on level 5 of the Dungeon)

   It affects your strength (+3).
Jewellery
 h - a +2 ring of dexterity (left claw)
 q - a ring of protection from magic (right claw)
 w - an uncursed ring of ice {unknown}
 A - an amulet of guardian spirit (around neck)
 E - an uncursed amulet of regeneration {unknown}
Wands
 x - a wand of flame (32/48)
 G - a wand of acid (7/15)
Scrolls
 d - 2 scrolls of remove curse
 e - 3 scrolls of fear
 g - a scroll of noise
 i - a scroll of teleportation
 l - 2 scrolls of random uselessness
 m - a scroll of enchant armour
 o - 2 scrolls of enchant weapon
 s - 5 scrolls of identify
 y - a scroll of amnesia
Potions
 c - 2 potions of haste
 f - 3 potions of brilliance {unknown}
 r - 2 potions of heal wounds {unknown}
 v - 2 potions of curing {unknown}
 z - 2 potions of flight {unknown}
 D - a potion of magic {unknown}
Books
 p - a book of Misfortune

   Spells                             Type                      Level
   a - Confusing Touch                Hexes                        1
   b - Confuse                        Hexes                        3
   c - Gell's Gravitas                Hexes/Translocation          3
   d - Petrify                        Transmutation/Earth          4
   e - Metabolic Englaciation         Hexes/Ice                    5
   f - Yara's Violent Unravelling     Hexes/Transmutation          5
Comestibles
 b - 4 bread rations
 j - 2 royal jellies
 k - 3 meat rations
 n - 3 fruits
 u - 4 beef jerkies
 F - 2 chunks of flesh


   Skills:
 + Level 6.1 Fighting
 + Level 5.1 Armour
 + Level 5.8 Dodging
 - Level 1.0 Stealth
 + Level 7.1 Unarmed Combat


You had 8 spell levels left.
You didn't know any spells.

Dungeon Overview and Level Annotations

Branches:
Dungeon (8/15)             Temple (1/1) D:7
   Lair: D:8-11

Altars:
Cheibriados
Dithmenos
Fedhas
Gozag
Hepliaklqana
Okawaru
Sif Muna
Trog
Uskayaw
Xom
Yredelemnul
Zin
The Shining One

Shops:
D:5 [


Innate Abilities, Weirdness & Mutations

You are too large for most types of armour.
You have claws for hands.
Your metabolism is lightning-fast.
You like to eat raw meat.
Your natural rate of healing is unusually fast.
You are covered in fur. (AC +1)
You have very tough skin. (AC +2)


Message History

You are splashed with acid!
The acid burns!
The ooze hits you. The jelly misses you. The ooze hits you. x2
There is a stone staircase leading up, spattered with blood here.
The jelly hits you.
You are splashed with acid!
The acid burns!
* * * LOW HITPOINT WARNING * * *
The ooze hits you.
* * * LOW HITPOINT WARNING * * *
The ooze barely misses you.
You climb upwards.
There is a stone staircase leading down here.
The jelly hits you.
* * * LOW HITPOINT WARNING * * *
You are splashed with acid!
The acid burns!
* * * LOW HITPOINT WARNING * * *
The ooze barely misses you. The jelly hits you.
* * * LOW HITPOINT WARNING * * *
You are splashed with acid!
The acid burns!
You die...

#.#......#...........###.###.#.
#.#......#.........#...........
#...........#...##.#...#[####..
##.........)###........#.# #..
#..........# ####.#.<...## #..
#..........###......##...###..
##.######...##.............##.
#.###......J....>...##.......
#..##......J@.###§§####.#.##.
##.##.....#J#.###§§§§§..#....
#.##.....#.#..##.####.......
######.##.....p..................
#...#.........#######.#....#.....
......................####.#.....
..........###.######<.# #.......
............#.# ##.#####.#....
..........#.#.# ###..##....#....


You could see a jelly, 2 oozes and a neutral freed slave (wandering).

Vanquished Creatures
  Pikel (D:7)
  Eustachio (D:4)
  3 ogres
  The ghost of brucemayne the Chopper, an amateur HOMo (D:3)
  2 phantoms (D:6)
  A necrophage (D:5)
  2 centaurs (D:6)
  A gnoll sergeant (D:7)
  3 scorpions
  4 wights (D:7)
  2 crimson imps (D:5)
  3 hounds
  A bullfrog skeleton (D:6)
  3 jellies
  3 iguanas
  6 orc wizards
  5 worker ants
  A hound skeleton (D:4)
  A howler monkey zombie (D:6)
  Robin (D:4)
  7 gnolls
  2 worker ant zombies (D:6)
  4 adders
  A shadow imp (D:6)
  8 oozes
  An adder skeleton (D:4)
  4 worms
  4 dart slugs
  6 leopard geckos
  25 orcs
  6 giant cockroaches
  19 goblins
  9 hobgoblins
  6 jackals
  7 kobolds
  9 quokkas
  10 bats
  5 frilled lizards
  A quokka zombie (D:6)
  A rat (D:2)
180 creatures vanquished.

Notes
Turn   | Place    | Note
-------+----------+-------------------------------------------
     0 | D:1      | dobroeutro the Troll Monk began the quest for the Orb.
     0 | D:1      | Reached XP level 1. HP: 22/22 MP: 0/0
   112 | D:1      | Reached XP level 2. HP: 21/29 MP: 1/1
   523 | D:1      | Reached XP level 3. HP: 36/36 MP: 2/2
   885 | D:2      | Reached skill level 1 in Armour
  1286 | D:2      | Reached XP level 4. HP: 44/44 MP: 3/3
  1703 | D:3      | Reached XP level 5. HP: 40/53 MP: 4/4
  1944 | D:3      | Noticed brucemayne's ghost (amateur HOMo)
  2000 | D:3      | Killed brucemayne's ghost
  2000 | D:3      | Reached skill level 4 in Unarmed Combat
  2339 | D:4      | Reached XP level 6. HP: 53/61 MP: 5/5
  2672 | D:4      | Noticed Eustachio
  2681 | D:4      | Killed Eustachio
  2828 | D:4      | Noticed Robin
  2837 | D:4      | Killed Robin
  2933 | D:4      | Reached XP level 7. HP: 68/68 MP: 6/6
  3092 | D:5      | Entered Level 5 of the Dungeon
  3163 | D:5      | Found an opulent altar of Gozag.
  3163 | D:5      | Found a glowing silver altar of Zin.
  3239 | D:5      | Reached skill level 5 in Unarmed Combat
  3647 | D:5      | Found Haische Ekuo's Antique Armour Emporium.
  3663 | D:5      | Bought a slimy robe for 142 gold pieces
  3673 | D:5      | Identified the +1 robe "Vidablef" {Str+3} (You bought it in a shop on level 5 of the Dungeon)
  3864 | D:6      | Reached XP level 8. HP: 78/79 MP: 7/7
  3902 | D:6      | Found an iron altar of Okawaru.
  4251 | D:6      | Found a glowing golden altar of the Shining One.
  4305 | D:6      | Reached skill level 6 in Unarmed Combat
  4451 | D:6      | Reached skill level 5 in Fighting
  4692 | D:6      | Reached skill level 5 in Dodging
  5022 | D:7      | Reached XP level 9. HP: 82/88 MP: 6/8
  5028 | D:7      | Found a staircase to the Ecumenical Temple.
  5047 | D:7      | Found a hazy altar of Hepliaklqana.
  5050 | D:7      | Noticed Pikel
  5060 | D:7      | Killed Pikel
  5060 | D:7      | Reached skill level 5 in Armour
  5074 | Temple   | Entered the Ecumenical Temple
  5132 | Temple   | Became a worshipper of Cheibriados the Contemplative
  5132 | Temple   | Reached * piety under Cheibriados
  5132 | Temple   | Reached ** piety under Cheibriados
  5235 | D:7      | Reached skill level 7 in Unarmed Combat
  5537 | D:7      | Splashed by a jelly's acid

Vault maps used:
D:1:      lemuel_arrival_tunnels
D:4:      first_bread, uniq_eustachio, uniq_robin
D:5:      grunt_temple_overflow_gold_and_silver, serial_shops, shop,
          serial_glass, glass_columns_b, glass_columns_a, glass_columns_b,
          glass_columns_b, glass_columns_a, glass_columns_a
D:6:      okawaru_ov_weapons_minmay, nicolae_tso_swordbearing_angel
D:7:      lemuel_doored_altar, uniq_pikel
D:8:      cheibrodos_ashenzari_chains, old_standard_altar,
          hangedman_little_slice_of_home, corexii_corridor_pit, st_stairs_6,
          grunt_decor_resistance, lightli_corner_chamber, uniq_maurice
Temple:   compressed_dpeg_triangle_lava_temple

Skill      XL: |  1  2  3  4  5  6  7  8  9 |
---------------+----------------------------+-----
Armour         | 1 2 3 4 5 |  5.1
Fighting       | 3 4 5 6 |  6.1
Dodging        | 3 4 5 |  5.8
Unarmed Combat | 4 5 6 7 |  7.1
Stealth        | |  1.0

Action                   |  1- 3 |  4- 6 |  7- 9 || total
-------------------------+-------+-------+-------++-------
Melee: Unarmed           |    86 |   202 |   276 ||   564
       Punch             |       |     5 |    10 ||    15
  Use: Scroll            |       |     1 |    10 ||    11
 Stab: Sleeping          |     3 |     1 |     3 ||     7
  Eat: Chunk             |    13 |    20 |    22 ||    55
Armor: Robe              |    29 |    40 |    65 ||   134
Dodge: Dodged            |    59 |    82 |   188 ||   329
